 Dungeon Crawl Stone Soup version 0.24-a0-59-gc4a3eeb (webtiles) character file.

Game seed: 5024884753958430644

662 Blackhawk the Skirmisher (level 7, 14/44 HPs)
             Began as a Gargoyle Fighter on Feb 4, 2019.
             Was an Initiate of Ru.
             Quit the game on level 3 of the Dungeon.
             The game lasted 00:09:43 (4202 turns).

Blackhawk the Skirmisher (Gargoyle Fighter)         Turns: 4202, Time: 00:09:43

Health: 14/44      AC: 13    Str: 21    XL:     7   Next: 56%
Magic:  7/7        EV: 13    Int:  9    God:    Ru [......]
Gold:   129        SH: 11    Dex:  9    Spells: 6/6 levels left

rFire    . . .     SeeInvis .   a - +0 war axe
rCold    . . .     Gourm    .   c - +1 shield
rNeg     + . .     Faith    .   b - +0 scale mail
rPois    ∞         Spirit   .   (no helmet)
rElec    +         Reflect  .   (no cloak)
rCorr    .         Harm     .   y - +0 pair of gloves
MR       .....                  (no boots)
Stlth    ..........             (no amulet)
HPRegen  0.14/turn              s - +6 ring of evasion
MPRegen  0.10/turn              (no ring)

@: no status effects
A: negative energy resistance 1, electricity resistance, unbreathing,
petrification resistance, rot immunity, AC +4
a: Renounce Religion


You were on level 3 of the Dungeon.
You worshipped Ru.
Ru was noncommittal.
You were not hungry.

You visited 1 branch of the dungeon, and saw 5 of its levels.

You collected 129 gold pieces.

Inventory:

Hand Weapons
 a - a +0 war axe (weapon)
Missiles
 x - 2 tomahawks (quivered)
Armour
 b - a +0 scale mail (worn)
 c - a +1 shield (worn)
 y - a +0 pair of gloves (worn)
Jewellery
 o - an uncursed amulet of faith
 s - a +6 ring of evasion (left hand)
Wands
 k - a wand of clouds (6)
 m - a wand of digging (5)
 z - a wand of acid (6)
Scrolls
 i - 3 scrolls of identify
 l - a scroll of remove curse
 n - a scroll of magic mapping
 p - a scroll of enchant weapon {unknown}
 q - a scroll of enchant armour
 u - a scroll of fog {unknown}
Potions
 d - a potion of might
 e - a potion of heal wounds
 g - a potion of brilliance
 h - 2 potions of curing
 r - a potion of degeneration {unknown}
 t - a potion of mutation {unknown}
 v - a potion of flight {unknown}
 w - a potion of resistance {unknown}
Comestibles
 f - 6 rations


   Skills:
 + Level 5.4 Fighting
 + Level 4.0 Axes
 + Level 5.4 Armour
 + Level 5.4 Shields


You had 6 spell levels left.
You didn't know any spells.
Your spell library was empty.

Dungeon Overview and Level Annotations

Branches:
Dungeon (5/15)             Temple (0/1) D:4

Altars:
Dithmenos
Elyvilon
Hepliaklqana
Nemelex Xobeh
Ru

Annotations:
D:4 Sigmund
D:5 Grinder


Innate Abilities, Weirdness & Mutations

You are resistant to torment.
Your stone body is resilient. (AC +4)
You are immune to poison.
You resist negative energy. (rN+)
You are resistant to electric shocks. (rElec)
You can survive without breathing.
You are immune to petrification.
You are immune to rotting.


Message History

You are exhausted.
You feel yourself slow down.
You see here a ring mail.
There is a stone staircase leading up here.
You climb upwards.
Reactivating autopickup.
There is a stone staircase leading down here.
You start resting.
You feel a little less clever now.
You start resting.
You feel yourself speed up.
You start resting.
You recover from your berserk rage.
Welcome back, Blackhawk the Gargoyle Fighter.
Ru says: Cut away your false body!
Press ? for a list of commands and other information.
Welcome back, Blackhawk the Gargoyle Fighter.
Ru says: Cut away your false body!
Press ? for a list of commands and other information.
Are you sure you want to abandon this character and quit the game? (Confirm with "yes".)

##########
##...##...##
##..........##
#............#
#............#
#............######
##@.........###....
##...##...## #....
######.######....
#.###.......
#######
#..)..##....
......#
##..#####....
......#
##...##...#...
......#
##...##........
#.#####
##..#.#.........


There were no monsters in sight!

Vanquished Creatures
  2 ogres (D:4)
  A scorpion (D:4)
  2 hounds
  Natasha (thrice) (D:4)
  An orc wizard (D:2)
  2 worker ants (D:4)
  A hound skeleton (D:4)
  Robin (D:4)
  A howler monkey skeleton (D:4)
  6 adders
  3 gnolls (D:5)
  3 river rats (D:3)
  An ooze (D:3)
  2 adder zombies (D:4)
  2 worms
  2 dart slugs
  A leopard gecko (D:3)
  A ball python (D:2)
  7 bats
  4 giant cockroaches
  12 goblins
  8 hobgoblins
  8 jackals
  2 quokkas
  4 frilled lizards
  A jackal skeleton (D:5)
  6 kobolds
  9 rats
96 creatures vanquished.

Notes
Turn   | Place    | Note
-------+----------+-------------------------------------------
     0 | D:1      | Blackhawk the Gargoyle Fighter began the quest for the Orb.
     0 | D:1      | Reached XP level 1. HP: 14/14 MP: 1/1
   316 | D:1      | Reached XP level 2. HP: 19/19 MP: 2/2
   876 | D:2      | Reached XP level 3. HP: 10/24 MP: 3/3
  1417 | D:2      | Found a sparkling altar of Nemelex Xobeh.
  1417 | D:2      | Found a transporter.
  1418 | D:2      | Noticed an orc warrior
  1768 | D:2      | Found a sacrificial altar of Ru.
  1775 | D:2      | Reached XP level 4. HP: 29/29 MP: 4/4
  1790 | D:2      | Became a worshipper of Ru the Awakened
  2229 | D:3      | Reached XP level 5. HP: 33/33 MP: 5/5
  2395 | D:3      | You fall through a shaft for 2 floors!
  2395 | D:5      | Entered Level 5 of the Dungeon
  2563 | D:5      | Noticed Grinder
  2565 | D:5      | Found a white marble altar of Elyvilon.
  2568 | D:4      | Noticed Robin
  2569 | D:4      | Noticed Sigmund
  2578 | D:4      | Killed Robin
  2589 | D:4      | Noticed Natasha
  2920 | D:3      | Reached XP level 6. HP: 34/39 MP: 6/6
  3340 | D:4      | Found a hazy altar of Hepliaklqana.
  3389 | D:4      | Found a shadowy altar of Dithmenos.
  3429 | D:4      | Reached skill level 5 in Fighting
  3429 | D:4      | Reached skill level 5 in Armour
  3530 | D:4      | Killed Natasha
  3530 | D:4      | Reached skill level 5 in Shields
  3530 | D:4      | Reached XP level 7. HP: 34/44 MP: 7/7
  3606 | D:4      | Found a staircase to the Ecumenical Temple.
  3783 | D:4      | Noticed Natasha
  3788 | D:4      | Killed Natasha
  3914 | D:4      | Noticed Natasha
  3930 | D:4      | Killed Natasha
  4202 | D:3      | Upgraded the game from 0.24-a0-56-g8f19387 to
                  | 0.24-a0-59-gc4a3eeb
  4202 | D:3      | Quit the game

Vault maps used:
D:1:      minmay_arrival_cross
D:2:      nicolae_ru_great_annihilating_truth, first_ration,
          grunt_nemelex_the_gamble
D:3:      lightli_sewer_entry_pipes
D:4:      kennysheep_mini_moat, lemuel_crystal_altar, temple_fountains,
          kennysheep_cross_room, uniq_sigmund, uniq_robin, uniq_natasha
D:5:      basic_altar, uniq_grinder

Skill      XL: |  1  2  3  4  5  6  7 |
---------------+----------------------+-----
Axes           | 2 3 4 |  4.0
Fighting       | 4 5 |  5.4
Armour         | 4 5 |  5.4
Shields        | 4 5 |  5.4

Action                   |  1- 3 |  4- 6 |  7- 9 || total
-------------------------+-------+-------+-------++-------
Melee: War axe           |   125 |   183 |    43 ||   351
  Use: Scroll            |     5 |       |       ||     5
       Potion            |       |     2 |     3 ||     5
 Stab: Paralysed         |       |     1 |       ||     1
  Eat: Chunk             |     3 |     6 |       ||     9
       Ration            |       |       |     1 ||     1
Armor: Scale mail        |    85 |    84 |    29 ||   198
Dodge: Dodged            |    46 |   114 |    46 ||   206
Block: Shield            |    83 |   133 |    38 ||   254

Table legend:
 A = Non-vault XP
 B = Vault XP
 C = Vault XP percentage of total XP
 D = Non-vault monster count
 E = Vault monster count
 F = Vault count percentage of total count
                 A         B        C        D         E       F
            +---------+---------+-------+---------+---------+-------
      Total |     768 |     178 |  18.8 |      71 |      25 |  26.0
            +---------+---------+-------+---------+---------+-------
        D:1 |      17 |       0 |   0.0 |      10 |       0 |   0.0
        D:2 |      68 |      42 |  38.2 |      23 |       4 |  14.8
        D:3 |      83 |      62 |  42.8 |      16 |       8 |  33.3
        D:4 |     556 |      74 |  11.7 |      18 |      13 |  41.9
        D:5 |      44 |       0 |   0.0 |       4 |       0 |   0.0
            +---------+---------+-------+---------+---------+-------
